 Dungeon Crawl Stone Soup version 0.29.1 (webtiles) character file.

Game seed: 8784696838404393545

57205 smilodon the Carver (level 14, -3/113 HPs)
             Began as a Demonspawn Fighter on Sept 12, 2022.
             Was a High Priest of Makhleb.
             Succumbed to a black mamba's poison
             ... on level 4 of the Lair of Beasts on Sept 13, 2022.
             The game lasted 00:57:58 (18985 turns).

smilodon the Carver (Demonspawn Fighter)           Turns: 18985, Time: 00:57:59

Health: -3/113     AC:  0    Str: 19    XL:     14   Next: 44%
Magic:  19/23      EV: 19    Int: 12    God:    Makhleb [*****.]
Gold:   382        SH:  5    Dex: 13    Spells: 19/26 levels left

rFire   . . .      SeeInvis .   (weapon currently unavailable)
rCold   . . .      Faith    .   (shield currently unavailable)
rNeg    . . .      Spirit   +   (body armour currently unavailable)
rPois   .          Reflect  +   (helmet currently unavailable)
rElec   .          Harm     .   (cloak currently unavailable)
rCorr   .          Rampage  .   (gloves unavailable)
Will    +....                   (boots currently unavailable)
Stlth   +.........              k - amulet of reflection
HPRegen 0.28/turn               (ring currently unavailable)
MPRegen 0.36/turn               (ring currently unavailable)

@: lethally poisoned (-3 -> -41), pig-form, slowed
A: fast, no casting, small, (antennae 1), (hooves 2), magic shield, magic
regeneration, demonic magic 1, (demonic touch 3)
a: Renounce Religion, Minor Destruction, Lesser Servant of Makhleb, Major
Destruction, Greater Servant of Makhleb


You were on level 4 of the Lair of Beasts.
You worshipped Makhleb.
Makhleb was extremely pleased with you.
You were a filthy swine.
You visited 4 branches of the dungeon, and saw 22 of its levels.

You collected 1472 gold pieces.
You spent 1090 gold pieces at shops.

Inventory:

Hand Weapons
 a - a +0 long sword of flaming (melded)
 D - the +10 flail of the Bespelling Priest {flame, Stlth+}
   (You found it on level 6 of the Dungeon)

   It burns those it strikes, dealing additional fire damage.
   Stlth:     It makes you more stealthy.
Missiles
 c - 26 poisoned darts
 e - 3 javelins
 q - a throwing net
 A - 4 boomerangs of dispersal
Armour
 b - the +4 moon troll leather armour (melded) {Spirit, Regen++ MP+5}
   (You bought it in a shop on level 5 of the Dungeon)

   MP:        It affects your magic capacity (+5).
   Regen:     It increases your rate of health regeneration.
 f - a +2 pair of boots (melded)
 i - a +2 pair of gloves of dexterity
 l - the +6 buckler of Gainnu {Fly rPois Int+4 Dex-2}
   (You found it on level 2 of the Dungeon)

   Int:       It affects your intelligence (+4).
   Dex:       It affects your dexterity (-2).
   rPois:     It protects you from poison.
   Fly:       It grants you flight.
 m - a +5 ring mail
 x - the +2 helmet "Xeicloa" {Regen+}
   (You found it on level 7 of the Dungeon)

   Regen:     It increases your rate of health regeneration.
Jewellery
 k - an amulet of reflection (around neck)
 n - a +4 ring of evasion (melded)
 o - a +6 ring of dexterity
 p - a +4 ring of evasion
 s - the amulet of Idedangoa {Spirit Rampage rElec rC++ Str-2}
   (You found it on level 4 of the Dungeon)

   [amulet of guardian spirit]

   It causes incoming damage to be divided between your reserves of health and
   magic.
   Str:       It affects your strength (-2).
   rC:        It greatly protects you from cold.
   rElec:     It insulates you from electricity.
   Rampage:   It bestows one free step when moving towards enemies.
 B - a ring of positive energy
 G - a ring of wizardry
 N - a +6 ring of dexterity (melded)
 P - a ring of wizardry
 Q - an amulet of the acrobat
 U - a ring of protection from fire
Wands
 g - a wand of mindburst (6)
 w - a wand of digging (1)
 z - a wand of flame (4) (quivered)
 C - a wand of paralysis (4)
 H - a wand of roots (24)
Scrolls
 d - 3 scrolls of amnesia
 h - 4 scrolls of noise
 j - 3 scrolls of immolation
 t - a scroll of silence
 v - a scroll of butterflies
 y - a scroll of torment
 J - 2 scrolls of brand weapon
 L - 3 scrolls of teleportation
 S - 8 scrolls of identify
 T - 2 scrolls of enchant armour
 W - a scroll of blinking
 X - a scroll of poison
Potions
 u - 4 potions of brilliance
 F - a potion of mutation
 I - 2 potions of berserk rage
 K - a potion of magic
 M - a potion of lignification
 O - 2 potions of cancellation
 V - 2 potions of resistance
Miscellaneous
 R - a phantom mirror


   Skills:
 + Level 11.3 Fighting
 - Level 13.0 Long Blades
 + Level 10.4 Armour
 - Level 10.3 Dodging
 - Level 5.0 Shields
 - Level 6.5 Spellcasting
 + Level 8.3 Hexes
 * Level 10.6 Invocations


You had 19 spell levels left.
You knew the following spells:

 Your Spells              Type           Power      Damage    Failure   Level
a - Confusing Touch       Hex            23%        N/A       1%          3
b - Cause Fear            Hex            11%        N/A       5%          4

Your spell library contained the following spells:

 Spells                   Type           Power      Damage    Failure   Level
 Inner Flame              Hex/Fire       13%        N/A       10%         3
 Apportation              Tloc           6%         N/A       17%         1
 Foxfire                  Conj/Fire      12%        2x1d4     17%         1
 Necrotise                Necr           12%        1d4       17%         1
 Shock                    Conj/Air       12%        1d3       17%         1
 Summon Small Mammal      Summ           12%        N/A       17%         1
 Conjure Flame            Conj/Fire      3%         6-21      45%         3
 Ignite Poison            Fire/Tmut/Pois 3%         N/A       45%         3
 Mephitic Cloud           Conj/Pois/Air  3%         N/A       45%         3
 Ozocubu's Armour         Ice            3%         N/A       45%         3
 Swiftness                Air            3%         N/A       45%         3
 Yara's Violent Unravell  Hex/Tmut       6%         3d5       65%         5
 Airstrike                Air            1%         2d(1-17)  86%         4
 Flame Wave               Conj/Fire      3%         2d5       86%         4
 Sticky Flame             Conj/Fire      3%         2d3       86%         4
 Freezing Cloud           Conj/Ice/Air   1%         6-21      99%         5
 Enfeeble                 Hex            11%        N/A       99%         7
 Ozocubu's Refrigeration  Ice            1%         4d7       100%        7
 Discord                  Hex            11%        N/A       100%        8


Dungeon Overview and Level Annotations

Branches:
Dungeon (14/15)            Temple (1/1) D:5            Lair (5/5) D:10
  Swamp (0/4) Lair:2       Spider (0/4) Lair:3        Slime (0/5) Lair:4
    Orc (2/2) D:9
    Elf: Orc:2       Vaults: D:13-14

Altars:
Ashenzari
Cheibriados
Dithmenos
Fedhas
Gozag
Hepliaklqana
Kikubaaqudgha
Makhleb
Nemelex Xobeh
Okawaru
Qazlal
Ru
Sif Muna
Trog
Uskayaw
Vehumet
Wu Jian
Xom
Yredelemnul
Jiyva

Shops:
D:2 (   D:5 [   D:10 (   D:14 (   Orc:1 =   Orc:2 [

Annotations:
D:13 Josephine
Lair:5 Kirke


Innate Abilities, Weirdness & Mutations

You are a filthy swine.
You move quickly.
Your equipment is almost entirely melded.
You are incapable of wielding weapons or throwing items.
You cannot cast spells.
((You have a pair of small antennae on your head.))
((You have hoof-like feet.))
When hurt, damage is shared between your health and your magic reserves.
You regenerate magic rapidly.
Spells you cast may paralyse adjacent enemies.
((Your touch may irresistibly damage your foes and sap their willpower.))


Message History

* * * LOW HITPOINT WARNING * * *
You are poisoned.
The black mamba poisons you!
You feel very sick. The black mamba bites you!
* * * LOW HITPOINT WARNING * * *
You are lethally poisoned!
The black mamba poisons you!
Okay, then.
Okay, then.
You feel much better.
You feel extremely sick. The black mamba bites you!
* * * LOW HITPOINT WARNING * * *
You are more poisoned.
The black mamba poisons you! The hog misses you. The black mamba misses you.
The hog barely misses you. The hog closely misses you.
Blink to where?
Press: ? - help, Dir - move target
As you read the scroll of blinking, it crumbles to dust.
* * * LOW HITPOINT WARNING * * *
You feel extremely sick.
* * * LOW HITPOINT WARNING * * *
You feel extremely sick.
Okay, then.
Okay, then.
Okay, then.
You are confused.
You feel invigorated.
* * * LOW HITPOINT WARNING * * *
You feel extremely sick. The black mamba bites you.
You are more poisoned.
The black mamba poisons you! The black mamba completely misses you.
You are too confused!
Really quaff the potion of lignification?
You are stuck in your current form!
You feel less invigorated.
You feel less confused.
You die...

...#####..............###...#.###
..÷...#..............## ##...###.
........÷............# ##P.P...
..#..............<...# #PP...#
.##..#.............### ####..#
.###............##'### ##..
#.##........####.....### #P.
####...#.#.####........# ###
#.#..######.#..h#.##..### #
#....P# ##...#S..##.#.# #
##.....# #....h......## #..#...#
##..#.....#..####### ....#..###
#..##.8h8..#..##.8.##
..##.#...###..#.......#....††..##
#.####........#...<...#.....>.8.#
### #......#................†..#.
.# #P.....#...#.8.8.##..##.8.###


You could see a black mamba and 2 hogs.

Vanquished Creatures
  An orc warlord (Orc:1)
  A stone giant (Orc:1)
  Snorg (D:12)
  4 boulder beetles
  3 hydras
  A catoblepas (Lair:2)
  6 two-headed ogres
  9 death yaks
  The ghost of mortz the Thaumaturge, a journeyman DjFE of Dithmenos (D:11)
  An orc high priest (Orc:1)
  2 skeletal warriors (D:13)
  2 bog bodies (Lair:2)
  An ugly thing (D:13)
  3 cyclopes
  2 manticores
  13 elephants
  3 black mambas
  2 gargoyles
  6 cane toads
  10 komodo dragons
  3 trolls
  5 dream sheep (Lair:3)
  7 slime creatures
  A hornet (D:8)
  8 blink frogs
  Sigmund (D:5)
  2 wraiths
  30 yaks
  4 wyverns
  A vampire (D:10)
  2 hogs (Lair:4)
  2 basilisks (D:7)
  A steam dragon (D:6)
  16 vampire mosquitoes
  A two-headed ogre zombie (D:9)
  2 wargs
  An acid dragon (D:12)
  16 water moccasins
  13 ogres
  12 orc warriors
  A black bear (Lair:3)
  4 ice beasts
  9 wolves
  4 phantoms
  9 centaurs
  3 kobold brigands
  20 bullfrogs
  A gnoll sergeant (D:8)
  3 scorpions
  4 wights (D:8)
  2 troll zombies (D:9)
  3 killer bees (D:9)
  13 howler monkeys
  7 orc priests
  6 hounds
  A gnoll bouda (D:7)
  A jelly (D:7)
  12 orc wizards
  Ijyb (D:3)
  6 iguanas
  3 hell rats
  5 ogre zombies (D:9)
  Robin (D:3)
  10 adders
  12 gnolls
  2 river rats (D:10)
  4 white imps
  2 ufetubi (D:5)
  2 dart slugs
  36 orcs
  2 bats
  4 endoplasms
  9 hobgoblins
  14 kobolds
  3 quokkas
  7 ball pythons
  2 frilled lizards
  11 goblins
  A goblin skeleton (D:9)
  3 goblin zombies (D:9)
  2 hobgoblin zombies (D:9)
  5 orc skeletons (D:9)
  14 orc zombies (D:9)
  3 rats
467 creatures vanquished.

Vanquished Creatures (collateral kills)
  2 two-headed ogres (Orc:1)
  A deep troll (Orc:1)
  2 trolls (Orc:1)
  A wraith (D:10)
  2 vampire mosquitoes (D:14)
  2 ogres (Orc:1)
  An orc warrior (D:10)
  An orc priest (D:10)
  2 orc wizards (D:10)
  4 orcs
18 creatures vanquished.

Vanquished Creatures (others)
  A wyvern (D:11)
  An orc wizard (D:11)
  25 fungi
  76 plants
103 creatures vanquished.

Grand Total: 588 creatures vanquished

Notes
Turn   | Place    | Note
-------+----------+-------------------------------------------
     0 | D:1      | smilodon the Demonspawn Fighter began the quest for the
                  | Orb.
     0 | D:1      | Reached XP level 1. HP: 18/18 MP: 1/1
   199 | D:1      | Reached skill level 2 in Long Blades
   377 | D:1      | Discovered your monstrous ancestry.
   377 | D:1      | Gained mutation: Your touch may inflict minor irresistible
                  | damage on your foes. [demonic ancestry]
   377 | D:1      | Reached XP level 2. HP: 24/24 MP: 2/2
   645 | D:1      | Identified a scroll of acquirement
   645 | D:1      | Acquired a manual of Long Blades
   726 | D:2      | Found Dazuchogi's Antique Weapon Emporium.
  1142 | D:2      | Gained mutation: You regenerate magic rapidly. [demonic
                  | ancestry]
  1142 | D:2      | Reached XP level 3. HP: 22/29 MP: 3/3
  1270 | D:2      | Identified the +6 buckler of Gainnu {Fly rPois Int+4 Dex-2}
  1767 | D:3      | Noticed Ijyb
  1772 | D:3      | Killed Ijyb
  1773 | D:3      | Reached skill level 3 in Long Blades
  1773 | D:3      | Reached XP level 4. HP: 31/35 MP: 4/4
  1809 | D:3      | Noticed Robin
  1826 | D:3      | Killed Robin
  2050 | D:3      | Reached skill level 4 in Long Blades
  2052 | D:3      | Reached XP level 5. HP: 42/42 MP: 5/5
  2874 | D:4      | Identified the amulet of Idedangoa {Spirit Rampage rElec
                  | rC++ Str-2}
  2895 | D:4      | Reached XP level 6. HP: 48/48 MP: 6/6
  2928 | D:4      | Reached skill level 5 in Long Blades
  3757 | D:5      | Entered Level 5 of the Dungeon
  3836 | D:5      | Reached skill level 6 in Long Blades
  3836 | D:5      | Gained mutation: Your touch may inflict irresistible damage
                  | on your foes. [demonic ancestry]
  3836 | D:5      | Reached XP level 7. HP: 52/55 MP: 7/7
  4044 | D:5      | Found Ufudghaph's Antique Armour Shop.
  4076 | D:5      | Reached skill level 7 in Long Blades
  4196 | D:5      | Found a large runed translucent door.
  4237 | D:5      | Reached skill level 5 in Fighting
  4349 | D:5      | Gained mutation: When hurt, damage is shared between your
                  | health and your magic reserves. [demonic ancestry]
  4349 | D:5      | Reached XP level 8. HP: 62/62 MP: 8/8
  4427 | D:5      | Found a large runed translucent door.
  4462 | D:5      | Noticed Sigmund
  4468 | D:5      | Killed Sigmund
  4469 | D:5      | Reached skill level 8 in Long Blades
  4532 | D:5      | Found a staircase to the Ecumenical Temple.
  4585 | Temple   | Entered the Ecumenical Temple
  4750 | Temple   | Became a worshipper of Makhleb the Destroyer
  4955 | D:5      | Found a shadowy altar of Dithmenos.
  4961 | D:5      | Reached skill level 5 in Shields
  5000 | D:6      | Reached skill level 5 in Armour
  5005 | D:6      | Reached skill level 1 in Dodging
  5012 | D:6      | Reached skill level 9 in Long Blades
  5047 | D:6      | Learned a level 3 spell: Confusing Touch
  5130 | D:6      | Identified the +10 flail of the Bespelling Priest {flame,
                  | Stlth+}
  5195 | D:6      | Reached XP level 9. HP: 37/69 MP: 5/9
  5576 | D:6      | Found a bloodstained altar of Trog.
  5576 | D:6      | Found an iron altar of Okawaru.
  5990 | D:7      | Reached skill level 10 in Long Blades
  5996 | D:7      | Noticed a manticore
  6019 | D:6      | Reached * piety under Makhleb
  6032 | D:7      | Killed a manticore
  6225 | D:7      | Reached skill level 1 in Invocations
  6274 | D:7      | Noticed a cyan ugly thing
  6524 | D:7      | Reached skill level 1 in Hexes
  6566 | D:7      | Reached skill level 1 in Spellcasting
  6620 | D:7      | Reached skill level 11 in Long Blades
  6713 | D:7      | Identified the +2 helmet "Xeicloa" {Regen+}
  6724 | D:7      | Identified the +1 spear "Gocynedd" {pain, rC+ Dex+4}
  6877 | D:7      | Reached skill level 5 in Dodging
  6877 | D:7      | Gained mutation: You have a pair of small antennae on your
                  | head. [demonic ancestry]
  6877 | D:7      | Reached XP level 10. HP: 71/77 MP: 9/12
  7509 | D:8      | Reached ** piety under Makhleb
  7949 | D:9      | Found a staircase to the Orcish Mines.
  8064 | D:9      | Reached *** piety under Makhleb
  8620 | D:9      | Reached skill level 12 in Long Blades
  9143 | D:10     | Entered Level 10 of the Dungeon
  9172 | D:10     | Noticed a death yak
  9239 | D:9      | Killed a death yak
  9287 | D:10     | Noticed a death yak
  9287 | D:10     | Noticed a death yak
  9303 | D:10     | Killed a death yak
  9304 | D:10     | Gained mutation: You have large cloven feet. [demonic
                  | ancestry]
  9304 | D:10     | Reached XP level 11. HP: 84/84 MP: 15/15
  9312 | D:10     | Killed a death yak
  9363 | D:10     | Found a staircase to the Lair.
  9451 | D:10     | Noticed a two-headed ogre
  9503 | D:10     | Killed a two-headed ogre
  9503 | D:10     | Reached **** piety under Makhleb
  9597 | D:10     | Noticed a two-headed ogre
  9610 | D:10     | Killed a two-headed ogre
  9611 | D:10     | Reached skill level 5 in Invocations
  9648 | D:10     | Found Quphasa's Weapon Shop.
 10020 | D:11     | Noticed a boulder beetle
 10069 | D:11     | Noticed a two-headed ogre
 10121 | D:10     | Killed a boulder beetle
 10310 | D:11     | Killed a two-headed ogre
 10314 | D:11     | You are sucked into a shaft and drop 3 floors!
 10467 | D:14     | Noticed a boulder beetle
 10516 | D:13     | Killed a boulder beetle
 10594 | D:13     | Noticed a skeletal warrior
 10604 | D:13     | Noticed a skeletal warrior
 10604 | D:13     | Noticed a skeletal warrior
 10654 | D:14     | Found Xaol Wucza's Antique Weapon Emporium.
 10784 | D:14     | Noticed a green ugly thing
 10784 | D:14     | Noticed a green ugly thing
 10785 | D:14     | Noticed a green ugly thing
 10786 | D:14     | Noticed a green ugly thing
 10788 | D:14     | Noticed a green ugly thing
 10790 | D:14     | Noticed a red ugly thing
 10793 | D:14     | Noticed a centaur warrior
 10827 | D:13     | Killed a brown ugly thing
 10828 | D:13     | Reached skill level 13 in Long Blades
 10871 | D:13     | Killed a skeletal warrior
 10885 | D:13     | Killed a skeletal warrior
 10886 | D:13     | Gained mutation: Spells you cast may paralyse adjacent
                  | enemies. [demonic ancestry]
 10886 | D:13     | Reached XP level 12. HP: 71/93 MP: 18/18
 10985 | D:13     | Noticed a boulder beetle
 10997 | D:13     | Noticed a vault guard
 10998 | D:13     | Noticed a vault guard
 11056 | D:13     | Noticed a vault guard
 11078 | D:13     | Noticed a vault guard
 11285 | D:12     | Noticed an eight-headed hydra
 11294 | D:12     | Killed a two-headed hydra
 11424 | D:12     | Reached skill level 5 in Hexes
 12050 | D:12     | Noticed a boulder beetle
 12099 | D:12     | Killed a boulder beetle
 12100 | D:12     | Reached skill level 5 in Spellcasting
 12494 | D:11     | Found a runed translucent door.
 12495 | D:11     | Noticed mortz's ghost (journeyman DjFE)
 12584 | D:11     | Killed mortz's ghost
 12937 | D:13     | Noticed Josephine
 12937 | D:13     | Noticed Snorg
 12937 | D:13     | Noticed a vault guard
 13009 | D:12     | Killed Snorg
 13332 | Lair:1   | Entered Level 1 of the Lair of Beasts
 13332 | Lair:1   | Noticed a death yak
 13332 | Lair:1   | Noticed a death yak
 13333 | Lair:1   | Noticed a death yak
 13390 | Orc:1    | Entered Level 1 of the Orcish Mines
 13442 | Orc:1    | Noticed an orc warlord
 13753 | Orc:1    | Killed an orc warlord
 13956 | Orc:1    | Noticed an orc high priest
 14091 | Orc:1    | Killed an orc high priest
 14124 | Orc:1    | Found Tanug's Jewellery Shop.
 14351 | Orc:2    | Entered Level 2 of the Orcish Mines
 14351 | Orc:2    | Noticed a stone giant
 14351 | Orc:2    | Found Oczomo's Armour Shoppe.
 14352 | Orc:2    | Noticed a two-headed ogre
 14458 | D:5      | Bought the +4 moon troll leather armour {Spirit, Regen++
                  | MP+5} for 1090 gold pieces
 14458 | D:5      | Found the +4 moon troll leather armour {Spirit, Regen++
                  | MP+5}
 14589 | Orc:2    | Noticed a two-headed ogre
 14598 | Orc:2    | Noticed a two-headed ogre
 14599 | Orc:2    | Noticed a two-headed ogre
 14614 | Orc:1    | Killed a stone giant
 14625 | Orc:2    | Noticed a two-headed ogre
 14638 | Orc:1    | Killed a two-headed ogre
 14639 | Orc:1    | Gained mutation: You have hoof-like feet. [demonic
                  | ancestry]
 14639 | Orc:1    | Reached XP level 13. HP: 61/101 MP: 5/20
 14787 | Orc:1    | Reached skill level 10 in Dodging
 14997 | D:10     | Learned a level 4 spell: Cause Fear
 15205 | Lair:1   | Identified the +6 trident "Hutrih" {vorpal, rCorr}
 15382 | Lair:1   | Reached skill level 10 in Fighting
 16115 | Lair:2   | Found a staircase to the Swamp.
 16554 | Lair:2   | Reached ***** piety under Makhleb
 16896 | Lair:2   | Gained mutation: Your touch may irresistibly damage your
                  | foes and sap their willpower. [demonic ancestry]
 16896 | Lair:2   | Reached XP level 14. HP: 99/111 MP: 20/23
 17219 | Lair:3   | Reached skill level 10 in Armour
 17574 | Lair:3   | Found a hole to the Spider Nest.
 17994 | Lair:4   | Found a viscous altar of Jiyva.
 17994 | Lair:4   | Found a staircase to the Slime Pits.
 18112 | Lair:4   | Reached skill level 10 in Invocations
 18767 | Lair:5   | Entered Level 5 of the Lair of Beasts
 18866 | Lair:5   | Noticed Kirke
 18983 | Lair:4   | HP: 4/113 [poisoned by a black mamba]
 18984 | Lair:4   | HP: 1/113 [poisoned by a black mamba]
 18985 | Lair:4   | Succumbed to a black mamba's poison

Illustrated notes

Levels and vault maps discovered:
D:1:      noname_arrival_rooms_in_the_neighbourhood, layout_basic, st_stairs_13,
          corner_web_ring
D:2:      layout_loops_ring, serial_shops, nicolae_shop_waterfront,
          wad_floor_pattern_untrapped
D:3:      layout_loops_corners, serial_rivers, chequers_serial_rivers_micro_a,
          chequers_serial_rivers_micro_b, chequers_serial_rivers_marsh,
          chequers_serial_rivers_micro_d, chequers_serial_rivers_large_a,
          uniq_ijyb, uniq_robin
D:4:      layout_basic
D:5:      layout_loops_ring, jmf_multi_god_temple2,
          minmay_temple_entry_mini_moons, serial_shops, nicolae_shop_waterfront,
          hangedman_minor_gate_pass, uniq_sigmund
D:6:      layout_cave_pools, grunt_temple_overflow_bloody_war
D:7:      minmay_the_grid_octo_triangle [minmay_the_grid_octo_empty,
          minmay_the_grid_octo_prize_ultimate_mussel_roller,
          minmay_the_grid_octo_chip], layout_cave_pools
D:8:      layout_loops_ring
D:9:      layout_cave_pods, zombieorc2_lemuel
D:10:     layout_roguey, dpeg_lair_monsters, serial_shops,
          nicolae_shop_bloodbath_and_beyond, minmay_orc_keep
D:11:     layout_rooms, ebering_ghost_reflecting_pool, minmay_misc_feat_pillars
D:12:     layout_loops_cross
D:13:     layout_basic, erik_vaults_2, grunt_dithmenos_smoke_and_mirrors,
          uniq_josephine, uniq_snorg
D:14:     layout_cave_pods, serial_shops, kennysheep_mini_moat,
          minmay_misc_feat_alley, elyvilon_altar_3
Temple:   nicolae_temple_bog_church
Lair:1:   layout_chaotic_city
Lair:2:   layout_long_grid, skrybe_swamp_entry_bodies, serial_bayou_shore_b,
          grunt_megastairs_1
Lair:3:   layout_loops_ring, dummy_spider_entry
Lair:4:   layout_cave_pods, slime_entry_1, grunt_megastairs_2,
          serial_bayou_shore_b
Lair:5:   minmay_lair_end_frog_pond, layout_loops_ring, serial_bayou_shore_a,
          uniq_kirke
Orc:1:    layout_diamond_mine, serial_shops, shop
Orc:2:    st_orc_open, layout_caves, serial_shops,
          nicolae_shop_advertising_works [nicolae_subvault_shop_adworks],
          okawaru_metal_pillars_3

Skill      XL: |  1  2  3  4  5  6  7  8  9 10 11 12 13 14 |
---------------+-------------------------------------------+-----
Long Blades    | 2 3 4 6 7 9 11 12 13 | 13.0
Armour         | 3 4 5 6 7 8 9 10 | 10.4
Shields        | 3 4 5 |  5.0
Fighting       | 4 5 6 7 8 9 10 11 | 11.3
Dodging        | 2 5 6 7 9 10 | 10.3
Invocations    | 2 4 6 8 9 10 | 10.6
Hexes          | 1 3 4 5 7 8 |  8.3
Spellcasting   | 1 3 4 5 6 |  6.5

Action                   |  1- 3 |  4- 6 |  7- 9 | 10-12 | 13-15 || total
-------------------------+-------+-------+-------+-------+-------++-------
Melee: Long sword        |    90 |   144 |   288 |  1320 |   960 ||  2802
       Touch             |     2 |       |       |       |    77 ||    79
       Punch             |     1 |       |       |       |     6 ||     7
Throw: Dart              |       |       |    11 |       |       ||    11
 Cast: Confusing Touch   |       |       |       |     8 |    29 ||    37
       Cause Fear        |       |       |       |       |     2 ||     2
Invok: Lesser Servant of |       |       |       |    14 |     3 ||    17
       Major Destruction |       |       |       |     1 |       ||     1
Evoke: Wand              |       |       |       |    42 |     1 ||    43
  Use: Potion            |     8 |     1 |     3 |    11 |     2 ||    25
       Scroll            |     4 |     6 |     7 |     6 |     2 ||    25
 Stab: Sleeping          |       |       |     1 |       |     1 ||     2
       Paralysed         |       |       |       |    16 |    23 ||    39
       Confused          |       |       |       |     3 |    16 ||    19
       Distracted        |       |       |       |       |     1 ||     1
Armor: Scale mail        |    30 |    12 |       |       |       ||    42
       Ring mail         |       |    35 |    60 |   208 |       ||   303
       Troll leather arm |       |       |       |     9 |   175 ||   184
Dodge: Dodged            |    27 |    64 |   114 |   725 |   782 ||  1712
Block: Buckler           |    33 |   132 |   239 |  1076 |   547 ||  2027
       Other             |    15 |       |       |       |   101 ||   116
       Reflection        |       |     7 |    13 |    24 |       ||    44
